 Dungeon Crawl Stone Soup version 0.14-a0-1192-g192f278 (webtiles) character file.

9493 PolkaDot the Bewitcher (level 11, -8/68 HPs)
             Began as a Vampire Enchanter on Nov 30, 2013.
             Was a Believer of Ashenzari.
             Killed from afar by a lava snake (12 damage)
             ... with a glob of lava
             ... in a volcano on Dec 1, 2013.
             The game lasted 01:09:37 (11246 turns).

PolkaDot the Bewitcher (Vampire Enchanter)         Turns: 11246, Time: 01:09:38

HP  -8/68        AC 12     Str  7      XL: 11   Next: 15%
MP  17/19        EV 11     Int 18      God: Ashenzari [**....]
Gold 606         SH  0     Dex 18      Spells:  3 memorised,  2 levels left

rFire  + + .     SeeInvis +     a - +2,+3 dagger (curse)
rCold  + + .     Clarity  .     x - +1 leather armour of Gheut {rPois rF+ rN+ MR++}
rNeg   + + +     Conserve .     (no shield)
rPois  +         rCorr    .     J - +0 cap
rElec  .         rRot     +     M - +0 cloak
SustAb . .       Spirit   .     y - +0 pair of gauntlets
rMut   .         Warding  +     K - +0 pair of elf boots
Saprov . . .     Stasis   .     A - amulet of warding
                                h - ring of protection from fire
                                o - cursed +4 ring of protection

@: non-regenerating, very slightly contaminated, very resistant to hostile
enchantments, extraordinarily stealthy
A: bottle blood, fangs 3, horns 1, see invisible, agile 1, (low mp 0), (sense
surroundings 0), unbreathing
a: Bat Form, Bottle Blood, Renounce Religion


You were in a volcano.
You worshipped Ashenzari.
Ashenzari was pleased with you.
You were bloodless.

You visited 3 branches of the dungeon, and saw 12 of its levels.
You also visited: Volcano.

You collected 606 gold pieces.

Inventory:

Hand weapons
 a - a cursed +2,+3 dagger (weapon)
Armour
 x - the cursed +1 leather armour of Gheut (worn) {rPois rF+ rN+ MR++}
   (You took it off a kobold on level 5 of the Dungeon)

   It protects you from fire.
   It protects you from poison.
   It protects you from negative energy.
   It affects your resistance to hostile enchantments.
   It has a curse placed upon it.
 y - a +0 pair of gauntlets (worn)
 J - a +0 cap (worn)
 K - a +0 pair of elven boots (worn)
 M - a +0 cloak (worn)
Magical devices
 b - a wand of digging (24)
Jewellery
 h - a ring of protection from fire (right hand)
 o - a cursed +4 ring of protection (left hand)
 A - an amulet of warding (around neck)
Potions
 f - a potion of might
 k - 4 potions of heal wounds
 l - 2 potions of berserk rage
 p - a potion of speed
 r - 4 potions of curing
 s - a potion of degeneration {unknown}
 u - 2 potions of poison {unknown}
 D - a potion of restore abilities
 G - a potion of lignification {unknown}
 Q - a potion of confusion {unknown}
Books
 c - a book of Maledictions

   Spells                             Type                      Level
   *Corona                            Hexes                        1
   Sure Blade                         Hexes/Charms                 2
   Ensorcelled Hibernation            Hexes/Ice                    2
   *Confuse                           Hexes                        3
   Enslavement                        Hexes                        4
   *Invisibility                      Hexes                        6
 B - a book of Power

   Spells                             Type                      Level
   Iskenderun's Mystic Blast          Conjuration                  4
   Venom Bolt                         Conjuration/Poison           5
   Bolt of Magma                      Conjuration/Fire/Earth       5
   Fulminant Prism                    Conjuration/Hexes            5
   Iron Shot                          Conjuration/Earth            6
   Orb of Destruction                 Conjuration                  7
 N - a book of Wizardry

   Spells                             Type                      Level
   Summon Elemental                   Summoning                    4
   Agony                              Necromancy                   5
   Force Lance                        Conjuration                  5
   Fireball                           Conjuration/Fire             5
   Haste                              Charms                       6
   *Invisibility                      Hexes                        6
 O - a book of Battle

   Spells                             Type                      Level
   Infusion                           Charms                       1
   Shroud of Golubria                 Charms/Translocation         2
   Song of Slaying                    Charms                       2
   Spectral Weapon                    Hexes/Charms                 3
   Regeneration                       Charms/Necromancy            3


   Skills:
 - Level 6.7(9.1) Short Blades
 - Level 0.7 Throwing
 - Level 6.1 Armour
 - Level 2.1 Dodging
 + Level 13.3 Stealth
 - Level 1.0 Spellcasting
 * Level 15.3 Hexes
 + Level 3.4 Evocations


You had 2 spell levels left.
You knew the following spells:

 Your Spells              Type           Power        Failure   Level  Hunger
a - Corona                Hex            ######.      1%          1    ##.....
c - Confuse               Hex            ######..     1%          3    ####...
I - Invisibility          Hex            ######..     8%          6    #######


Dungeon Overview and Level Annotations

Branches:
Dungeon (10/16)            Temple (1/1) D:5            Lair (1/8) D:9
    Orc: D:9-12

Altars:
Ashenzari
Makhleb
Nemelex Xobeh
Trog
Vehumet
Xom
the Shining One

Annotations:
D:8 Erolcha
D:10 3 exclusions


Innate Abilities, Weirdness & Mutations

You do not heal naturally.
You can bottle blood from corpses.
You have razor-sharp teeth.*
You have supernaturally acute eyesight.
You can survive without breathing.*
You have a pair of small horns on your head.*
You are agile. (Dex +2)
((Your magical capacity is low (-10% MP).))+ ((You passively map a small area around you.))+


Message History

The crimson imp is lightly wounded.
The smoke demon gestures at you. Something smites you!
The crimson imp barely misses you.
You closely miss the crimson imp. Your bite misses the crimson imp.
Your surroundings suddenly seem different.
The lava snake spits lava!
The glob of lava misses you.
A lava fish comes into view.
The lava snake spits lava!
The glob of lava hits you! You partially resist.
* * * LOW HITPOINT WARNING * * *
The lava fish moves out of view.
The lava fish bites you.
* * * LOW HITPOINT WARNING * * *
You are engulfed in flames.
You resist.
* * * LOW HITPOINT WARNING * * *
The lava fish barely misses you.
A lava fish comes into view.
The lava snake spits lava!
The glob of lava hits you! You partially resist.
* * * LOW HITPOINT WARNING * * *
The lava snake spits lava!
The glob of lava hits you! You partially resist.
You die...

#....≈≈≈≈≈§§≈§≈≈≈≈ ≈.≈.
#.....≈§§§≈≈≈≈≈§§§≈ ≈≈≈≈§≈.
###.....§≈≈§§≈§§§§§≈§≈≈§≈≈≈;≈..
##.....≈≈§§≈≈§§§≈;§≈§≈≈S≈§...
#........§≈≈§§§§≈≈§§≈≈≈≈...#
###.......≈;≈§§§§≈≈§≈≈≈≈...
###.....≈≈§≈≈§≈≈§§≈≈≈≈..##
##......≈≈≈≈≈§§≈≈≈§....8
####..@..≈S§§≈≈≈§§§....
####...§;≈≈≈§§.§...8
###.§§.≈≈≈....### ##........###
##########


You could see 2 lava fish and a lava snake.

Vanquished Creatures
  An unseen horror (D:9)
  Pikel (D:5)
  Maurice (D:9)
  2 fire drakes
  A hydra zombie (D:10)
  8 yaks
  A hog (shapeshifter) (D:9)
  Eustachio (D:5)
  A vampire mosquito (D:9)
  2 hippogriffs (D:7)
  A wolf (D:8)
  A deep elf fighter (D:9)
  A black bear (D:9)
  3 orc warriors
  4 giant goldfish (D:8)
  2 ice beasts
  A sky beast (D:8)
  An ogre (D:8)
  3 centaurs
  Duvessa (D:8)
  10 crocodiles
  A water moccasin (D:10)
  3 gnoll sergeants (D:8)
  2 giant frogs
  A wyvern skeleton (D:10)
  8 electric eels
  A lava fish (Volcano)
  A yak skeleton (D:8)
  6 crimson imps
  3 jellyfish (D:8)
  A lava snake (Volcano)
  Dowan (D:8)
  A goliath beetle (D:10)
  A giant frog zombie (D:5)
  5 hounds
  4 orc priests
  5 orc wizards
  A gnoll shaman (D:8)
  5 iguanas
  An orange rat (D:8)
  A big fish (D:10)
  2 jellies
  9 worker ants
  A mummy (D:9)
  8 adders
  10 gnolls
  4 green rats
  A worm zombie (D:7)
  2 worms
  2 giant mites
  2 inept item mimics (D:5)
  An inept feature mimic (D:5)
  A scorpion zombie (D:8)
  An adder skeleton (D:5)
  An adder zombie (D:10)
  4 grey rats (D:8)
  A giant eyeball (D:5)
  14 giant geckos
  An ooze (D:4)
  30 orcs
  3 ball pythons
  4 giant cockroaches
  13 hobgoblins
  8 jackals
  14 kobolds
  4 quokkas
  23 bats
  A giant gecko skeleton (D:4)
  11 giant newts
  8 goblins
  An orc skeleton (D:6)
  29 rats
  A rat skeleton (D:8)
  A fungus (D:9)
315 creatures vanquished.

Vanquished Creatures (others)
  A quokka (D:5)
1 creature vanquished.

Grand Total: 316 creatures vanquished

Notes
Turn   | Place    | Note
--------------------------------------------------------------
     0 | D:1      | PolkaDot, the Vampire Enchanter, began the quest for the Orb.
     0 | D:1      | Reached XP level 1. HP: 13/13 MP: 4/4
   452 | D:1      | Reached XP level 2. HP: 16/19 MP: 5/5
   912 | D:2      | Reached skill level 5 in Hexes
  1019 | D:2      | Reached XP level 3. HP: 22/24 MP: 6/6
  1100 | D:2      | Learned a level 3 spell: Confuse
  1203 | D:2      | HP: 1/24 [poisoned by an adder]
  1208 | D:2      | HP: 1/24 [poisoned by an adder]
  1754 | D:2      | Reached XP level 4. HP: 30/30 MP: 0/8
  2033 | D:3      | Reached skill level 6 in Hexes
  2983 | D:3      | Reached XP level 5. HP: 35/35 MP: 9/9
  4117 | D:5      | Entered Level 5 of the Dungeon
  4204 | D:3      | Found a shimmering altar of Xom.
  4233 | D:5      | Reached skill level 5 in Stealth
  4233 | D:5      | Reached skill level 7 in Hexes
  4280 | D:5      | Noticed Pikel
  4280 | D:5      | Noticed a slave
  4280 | D:5      | Noticed a slave
  4280 | D:5      | Noticed a slave
  4339 | D:5      | Found a staircase to the Ecumenical Temple.
  4350 | Temple   | Entered the Ecumenical Temple
  4357 | Temple   | Became a worshipper of Ashenzari the Shackled
  4412 | D:5      | Noticed Eustachio
  4427 | D:5      | Killed Eustachio
  4427 | D:5      | Reached XP level 6. HP: 38/41 MP: 6/10
  4435 | D:5      | Reached skill level 8 in Hexes
  4787 | D:5      | Paralysed by a giant eyeball for 4 turns
  4809 | D:5      | Paralysed by a giant eyeball for 4 turns
  4890 | D:5      | Reached XP level 7. HP: 41/46 MP: 8/11
  5127 | D:5      | Noticed a slave
  5167 | D:5      | Killed Pikel
  5167 | D:5      | Reached skill level 5 in Short Blades
  5167 | D:5      | Reached skill level 10 in Hexes
  5167 | D:5      | Reached XP level 8. HP: 44/52 MP: 2/13
  5336 | D:5      | Found a shimmering altar of Xom.
  5478 | D:5      | Found a burning altar of Makhleb.
  5587 | D:5      | Got the uncursed leather armour of Gheut {rPois rF+ rN+ MR++}
  6218 | D:6      | Identified the +1 leather armour of Gheut {rPois rF+ rN+ MR++} (You took it off a kobold on level 5 of the Dungeon)
  6360 | D:7      | Reached skill level 11 in Hexes
  6775 | D:7      | dondy: STAB HARDURRR!
  6778 | D:7      | PolkaDot: xD
  7119 | D:7      | Reached skill level 12 in Hexes
  7126 | D:7      | Gained mutation: You are agile. (Dex +2) [potion of mutation]
  7126 | D:7      | Gained mutation: You have a pair of small horns on your head. [potion of mutation]
  7126 | D:7      | Gained mutation: Your magical capacity is low (-10% MP). [potion of mutation]
  7218 | D:8      | Noticed Duvessa
  7219 | D:8      | dondy: did you try VpAM?
  7219 | D:8      | PolkaDot: once
  7219 | D:8      | PolkaDot: A bit tbh
  7219 | D:8      | dondy: how did it go? :)
  7219 | D:8      | PolkaDot: a bit meh tbh*
  7219 | D:8      | PolkaDot: though I s'pose I could have tried enslaving everything
  7219 | D:8      | Noticed Dowan
  7230 | D:8      | Killed Duvessa
  7230 | D:8      | Reached XP level 9. HP: 38/57 MP: 12/12
  7235 | D:8      | Killed Dowan
  7236 | D:8      | dondy: yeh, melee crap and hex everything kinda works
  7236 | D:8      | PolkaDot: So powerful, I can piss off the twins and live with ease ;p
  7242 | D:8      | dondy: enchanter <3
  7243 | D:8      | PolkaDot: :D
  7252 | D:8      | Learned a level 6 spell: Invisibility
  7294 | D:8      | dondy: you have relec
  7298 | D:8      | dondy: no?
  7298 | D:8      | dondy: oh duh
  7298 | D:8      | PolkaDot: :p
  7320 | D:8      | dondy: tele traps <3
  7343 | D:8      | PolkaDot: Lol ^^
  7353 | D:8      | dondy: the warm and fuzzy feeling of safety without spending ressources
  7362 | D:8      | Reached skill level 1 in Armour
  7363 | D:8      | PolkaDot: quite
  7363 | D:8      | PolkaDot: Though, some resources I don't mind spending
  7363 | D:8      | PolkaDot: like mp
  7363 | D:8      | PolkaDot: it come sback and as an En I don't need much ;)
  7404 | D:8      | dondy: yeh, i just hate when you have to burn through all your consumables to live xD
  7405 | D:8      | dondy: CHICKEN! :P
  7405 | D:8      | PolkaDot: cowards win crawl, or so I hear ;p
  7409 | D:8      | dondy: pfff!
  7409 | D:8      | PolkaDot: oh, the fun of TELE*
  7409 | D:8      | PolkaDot: :D
  7409 | D:8      | dondy: oh you got a tele* ring? O.o
  7409 | D:8      | PolkaDot: Yep
  7409 | D:8      | PolkaDot: FOr teh piety mostly
  7409 | D:8      | PolkaDot: if it puts me somewhere nasty I'mma just invis and walk away
  7411 | D:8      | dondy: with contam :P
  7412 | D:8      | PolkaDot: A little
  7412 | D:8      | PolkaDot: but if you're careful you can cast insiz twice and not glow
  7412 | D:8      | PolkaDot: invis*
  7412 | D:8      | PolkaDot: gott abe careful witht he timing though
  7477 | D:8      | dondy: i usually just never do that
  7477 | D:8      | PolkaDot: ^
  7477 | D:8      | PolkaDot: usually :p
  7479 | D:8      | dondy: or i do it on purpose when i'm running with the orb
  7479 | D:8      | PolkaDot: xD
  7480 | D:8      | dondy: not like red contam could stop you from getting to d:1 xD
  7511 | D:7      | Reached skill level 10 in Stealth
  7518 | D:7      | PolkaDot: Of course not
  7518 | D:7      | PolkaDot: ~I mean, what's the worst that could happen?
  7518 | D:7      | dondy: xD
  7518 | D:7      | PolkaDot: 'splody head? ;p
  7556 | D:7      | PolkaDot: I hate imps >.>;
  7598 | D:8      | dondy: hmm, why did you pick ash btw. ? isn't getting bloodless on a Vp quite scary?
  7612 | D:8      | dondy: at least i think so D:
  7618 | D:8      | PolkaDot: Soemtimes
  7618 | D:8      | dondy: also, care, drain rat
  7618 | D:8      | PolkaDot: I don't advise doing branches bloodless
  7618 | D:8      | PolkaDot: though snake and swamp are pretty easy tbh
  7618 | D:8      | PolkaDot: you can usual drink up to satiated
  7618 | D:8      | PolkaDot: spider REQUIRES bottled blood though
  7618 | D:8      | dondy: hmm, true - i was referring to more like shortly before zot
  7618 | D:8      | PolkaDot: Never got to Zot
  7618 | D:8      | PolkaDot: Maybe this time though, eh
  7618 | D:8      | dondy: heh
  7716 | D:8      | dondy: dunnoh, i just really like the pain brand shortblade and dispel undead package - plus some other goodies
  7729 | D:8      | dondy: heh, that was a nice tele XD
  7729 | D:8      | PolkaDot: It keeps showing me stairs
  7729 | D:8      | PolkaDot: like, what's on this level it wants me to run from? xD
  7927 | D:8      | dondy: inb4 violent splat xD
  8090 | D:8      | PolkaDot: ... Yeah
  8106 | D:8      | PolkaDot: Seeing that was enough >.>;
  8106 | D:8      | dondy: heh
  8106 | D:8      | dondy: invis and stababababab
  8107 | D:8      | dondy: sure blade also helps :)
  8107 | D:8      | PolkaDot: yep
  8107 | D:8      | PolkaDot: I like to get invis first though
  8107 | D:8      | PolkaDot: I mean
  8107 | D:8      | PolkaDot: with a +4 apt, no reason not to :)
  8107 | D:8      | dondy: yeah
  8125 | D:8      | dondy: reasonable
  8142 | D:8      | Acquired Ashenzari's first power
  8323 | D:8      | dondy: well, good luck on your stabbage :)
  8328 | D:8      | PolkaDot: thankies
  8474 | D:8      | Reached skill level 13 in Hexes
  8919 | D:8      | Reached XP level 10. HP: 63/63 MP: 8/15
  8925 | D:8      | Noticed Erolcha
  9110 | D:9      | Reached skill level 5 in Armour
  9287 | D:9      | Gained mutation: You passively map a small area around you. [potion of mutation]
  9287 | D:9      | Gained mutation: Your mind is acute. (Int +2) [potion of mutation]
  9287 | D:9      | Lost mutation: Your mind is acute. (Int +2) [potion of mutation]
  9291 | D:9      | Found a staircase to the Lair.
  9484 | D:9      | Noticed Maurice
  9498 | D:9      | Killed Maurice
  9637 | D:9      | Noticed an unseen horror
  9647 | D:9      | Killed an unseen horror
  9814 | D:9      | Reached skill level 14 in Hexes
 10008 | D:10     | Entered Level 10 of the Dungeon
 10125 | D:10     | Reached skill level 1 in Evocations
 10633 | D:10     | Reached XP level 11. HP: 68/68 MP: 9/18
 10637 | D:10     | Reached skill level 15 in Hexes
 10817 | Lair:1   | Entered Level 1 of the Lair of Beasts
 10873 | Lair:1   | Identified a +0 rod of warding (11/11)
 10897 | Lair:1   | Found a dark tunnel.
 11127 | Volcano  | Entered a volcano
 11246 | Volcano  | Killed from afar by a lava snake

Action                   |  1- 3 |  4- 6 |  7- 9 | 10-12 || total
-------------------------+-------+-------+-------+-------++-------
Melee: Dagger            |   197 |   338 |   396 |   211 ||  1142
 Cast: Confuse           |     4 |    16 |    40 |    16 ||    76
       Invisibility      |       |       |     9 |    10 ||    19
 Abil: Bottle Blood      |       |       |     6 |       ||     6
Evoke: Wand              |       |     1 |       |     5 ||     6
  Use: Potion            |     4 |       |     5 |     8 ||    17
       Scroll            |       |    19 |     7 |     3 ||    29
 Stab: Sleeping          |     5 |     8 |    47 |    52 ||   112
       Distracted        |     1 |     1 |     3 |       ||     5
       Confused          |     1 |    10 |    21 |    10 ||    42
       Invisible         |       |       |    22 |    10 ||    32
